 Dungeon Crawl Stone Soup version 0.14-a0-2542-g51e44bb (webtiles) character file.

287 Jenx the Ruinous (level 5, -9/28 HPs)
             Began as a Deep Elf Fire Elementalist on Feb 10, 2014.
             Mangled by an ogre
             ... wielding a +0,+0 giant club
              (26 damage)
             ... on Level 4 of the Dungeon.
             The game lasted 00:12:07 (3575 turns).

Jenx the Ruinous (Deep Elf Fire Elementalist)       Turns: 3575, Time: 00:12:07

HP  -9/28        AC  3     Str  5      XL: 5   Next:  4%
MP  16/16        EV 13     Int 21      God:
Gold 144         SH  0     Dex 15      Spells:  3 memorised,  4 levels left

rFire  . . .     SeeInvis .     l - +1 hand axe (flame)
rCold  . . .     Clarity  .     a - +0 elf robe
rNeg   . . .     Conserve .     (no shield)
rPois  .         rCorr    .     (no helmet)
rElec  .         rRot     .     (no cloak)
SustAb . .       Spirit   .     y - +0 pair of gloves
rMut   .         Warding  .     (no boots)
Saprov . . .     Stasis   .     (no amulet)
MR     .....                    (no ring)
                                (no ring)

@: not resistant to hostile enchantments, fairly stealthy
A: no striking features
a: no special abilities


You were on level 4 of the Dungeon.
You were not hungry.

You visited 1 branch of the dungeon, and saw 4 of its levels.

You collected 144 gold pieces.

Inventory:

Hand weapons
 l - a +1,+1 hand axe of flaming (weapon)
 q - a +1,+0 long sword
 x - a +2,+0 dwarven dagger of draining
Missiles
 g - 4 poisoned darts (quivered)
Armour
 a - a +0 elven robe (worn)
 y - a +0 pair of gloves (worn)
Comestibles
 c - 3 bread rations
 m - 2 meat rations
 r - a chunk of bat flesh
Scrolls
 d - a scroll of curse jewellery {unknown}
 h - a scroll of teleportation {unknown}
 i - 2 scrolls of immolation {unknown}
 j - a scroll of remove curse {unknown}
 n - 3 scrolls of identify {unknown}
 p - a scroll of fog {unknown}
 u - a scroll of magic mapping {unknown}
 z - 4 scrolls of enchant armour {unknown}
Potions
 f - a potion of speed {unknown}
 k - 2 potions of agility {unknown}
 o - a potion of restore abilities {unknown}
Books
 b - a book of Flames

   Spells                             Type                      Level
   *Flame Tongue                      Conjuration/Fire             1
   *Throw Flame                       Conjuration/Fire             2
   *Conjure Flame                     Conjuration/Fire             3
   Inner Flame                        Hexes/Fire                   3
   Sticky Flame                       Conjuration/Fire             4
   Fireball                           Conjuration/Fire             5


   Skills:
 - Level 2.4 Dodging
 - Level 2.4 Stealth
 + Level 3.2 Spellcasting
 * Level 4.5 Conjurations
 - Level 4.2 Fire Magic


You had 4 spell levels left.
You knew the following spells:

 Your Spells              Type           Power        Failure   Level  Hunger
a - Flame Tongue          Conj/Fire      ###..        1%          1    None
b - Throw Flame           Conj/Fire      ###...       3%          2    ##.....
c - Conjure Flame         Conj/Fire      ###.....     10%         3    ###....


Dungeon Overview and Level Annotations

Branches:
Dungeon (4/16)
 Temple: D:4-7

Altars:


Message History

You are more poisoned.
The adder poisons you! The adder bites you but does no damage.
You feel sick.
You open the door.
You feel sick. The adder closely misses you. The adder closely misses you.
An ogre comes into view. It is wielding a giant club.
You feel sick.
The ogre shouts!
There is an open door here.
You closely miss the adder.
The adder is lightly wounded.
The adder barely misses you. The adder bites you.
The adder bites you but does no damage.
You see here a pink potion.
You feel sick. The adder bites you but does no damage.
Drink which item? (? for menu, Esc to quit)
You feel better. The ogre hits you with a giant club!
Ouch! That really hurt!
You die...

.. #≈..≈ ###+########.
.... #............#
#... #..[......[.)#
####... #..[.........#
#....$.
#............###.##...
#!...........##..##...
#............##.###.).
#....@.......##.# #...
#....OS......'.<# #...
#......o.....#### ###.
##.......##### #...
#######O!#### ###'##
#........o..# #.o...
...........####o....
...........#..O.....
...........'.##.....


You could see 2 ogres, an adder and 2 orcs.

Vanquished Creatures
  4 adders
  3 gnolls (D:2)
  2 oozes (D:2)
  An orc (D:3)
  6 bats
  6 giant cockroaches
  10 goblins
  11 hobgoblins
  9 jackals
  A giant gecko skeleton (D:4)
  3 giant newts (D:1)
  A hobgoblin skeleton (D:4)
  9 kobolds
  10 rats
  A toadstool (D:1)
77 creatures vanquished.

Vanquished Creatures (others)
  3 toadstools (D:1)
3 creatures vanquished.

Grand Total: 80 creatures vanquished

Notes
Turn   | Place    | Note
--------------------------------------------------------------
     0 | D:1      | Jenx, the Deep Elf Fire Elementalist, began the quest for the Orb.
     0 | D:1      | Reached XP level 1. HP: 10/10 MP: 5/5
   434 | D:1      | Reached XP level 2. HP: 7/15 MP: 8/8
   611 | D:1      | Learned a level 2 spell: Throw Flame
  1060 | D:1      | Reached XP level 3. HP: 19/19 MP: 8/10
  1530 | D:2      | Reached skill level 4 in Conjurations
  1544 | D:2      | Learned a level 3 spell: Conjure Flame
  1625 | D:2      | Reached XP level 4. HP: 17/24 MP: 13/13
  3182 | D:3      | Reached XP level 5. HP: 12/28 MP: 16/16
  3251 | D:3      | HP: 1/28 [poisoned by an adder]
  3520 | D:4      | Noticed an ogre
  3565 | D:4      | Noticed an ogre
  3575 | D:4      | Mangled by an ogre

Action                   |  1- 3 |  4- 6 || total
-------------------------+-------+-------++-------
Melee: Dagger            |    43 |       ||    43
       Unarmed           |     3 |       ||     3
       Hand axe          |     6 |    89 ||    95
Throw: Dart              |     4 |     3 ||     7
 Cast: Flame Tongue      |    45 |     2 ||    47
       Throw Flame       |     9 |    13 ||    22
       Conjure Flame     |       |     1 ||     1
  Use: Potion            |       |     2 ||     2
 Stab: Sleeping          |     3 |     1 ||     4
